Map: Inside and Out

Players

Nerosus

  • Race: Zerg Zerg
  • Spawn Location: 1:00

Creator - Winner!

  • Race: Protoss Protoss
  • Spawn Location: 7:00

Event: DreamHack SC2 Masters 2022 Atlanta (Offline)

VOD

Have the link to the VOD?

Description

Time

  • Played on: Nov. 18, 2022, 9:53 a.m.
  • Length: 7:48

All games in this series

Show
View Real Time Build Order
Export as new Build Order

Nerosus Zerg 

Build Orders: Hatch First 

Get SALT Encoding   

  12  0:00  Drone  
  13  0:13  Overlord  
  13  0:17  Drone  
  14  0:31  Drone x2  
  16  0:44  Drone  
  17  0:52  Hatchery  
  17  0:56  Drone  
  17  0:59  Drone  
  18  1:10  Extractor  
  17  1:14  Spawning Pool  
  16  1:20  Drone  
  16  1:21  Drone  
  18  1:31  Drone  
  19  1:40  Drone  
  20  1:53  Overlord  
  20  2:00  Queen  
  22  2:03  Zergling x2  
  22  2:04  Queen  
  22  2:06  Zergling x2  
  26  2:24  Zergling x4  
  26  2:28  Drone x2  
  30  2:39  Queen  
  32  2:50  Drone  
  32  2:51  Drone x3  
  36  2:55  Metabolic Boost  
  36  2:59  Overlord  
  36  3:11  Overlord  
  36  3:24  Drone x3  
  39  3:29  Hatchery  
  39  3:31  Spore Crawler  
  39  3:32  Spore Crawler  
  39  3:33  Queen  
  39  3:34  Queen  
  40  3:45  Drone x6  
  46  3:51  Overlord  
  46  3:53  Drone  
  46  3:59  Drone x3  
  48  4:05  Overlord  
  48  4:09  Zergling x4  
  50  4:27  Drone x7  
  57  4:40  Drone x2  
  57  4:42  Evolution Chamber  
  58  4:53  Drone  
  58  4:54  Drone  
  58  4:56  Lair  
  60  5:01  Drone  
  60  5:02  Drone  
  60  5:03  Roach Warren  
  61  5:09  Overlord x2  
  61  5:11  Drone x4  
  61  5:13  Zerg Melee Weapons Level 1  
  65  5:15  Drone x2  
  65  5:18  Drone, Hatchery  
  65  5:19  Drone x2  
  65  5:20  Overlord  
  65  5:21  Drone  
  70  5:29  Zergling x2  
  70  5:30  Zergling x4  
  70  5:49  Extractor  
  69  5:51  Extractor  
  64  5:58  Spore Crawler  
  64  6:02  Drone x3  
  64  6:03  Drone x3  
  70  6:06  Drone x2  
  70  6:07  Drone x2  
  70  6:08  Drone x2  
  70  6:09  Drone x7  
  83  6:27  Extractor  
  83  6:30  Extractor  
  83  6:32  Drone x4  
  70  6:40  Drone x7  
  70  6:43  Zergling x6  
  79  6:47  Drone x6  
  84  6:55  Drone x3  
  84  6:57  Queen  
  84  6:59  Drone  
  90  7:02  Zergling x2  
  90  7:06  Overseer  
  91  7:18  Zergling x2, Baneling Nest  
  91  7:19  Zergling x8  
  91  7:21  Overlord x3  
  95  7:26  Hatchery  
Show
View Real Time Build Order
Export as new Build Order

Creator Protoss - Winner!

Build Orders: 1 Gate Expand, Oracle Opening 

Get SALT Encoding   

  12  0:00  Probe  
  13  0:12  Pylon  
  13  0:17  Probe (Chrono Boost)  
  14  0:26  Probe (Chrono Boost)  
  15  0:31  Probe (Chrono Boost)  
  16  0:38  Gateway  
  16  0:43  Probe  
  16  0:47  Assimilator  
  17  0:55  Probe  
  18  1:08  Probe  
  19  1:20  Probe  
  19  1:23  Nexus  
  20  1:34  Cybernetics Core  
  20  1:37  Probe  
  21  1:43  Assimilator  
  21  1:49  Probe  
  22  1:54  Pylon  
  22  2:01  Probe  
  23  2:09  Adept (Chrono Boost)  
  23  2:13  Probe  
  26  2:16  Stargate  
  26  2:25  Probe  
  26  2:26  Warp Gate  
  27  2:36  Probe  
  30  2:37  Stalker  
  30  2:40  Probe  
  31  2:46  Gateway  
  31  2:53  Shield Battery  
  31  3:01  Pylon  
  31  3:02  Oracle (Chrono Boost)  
  34  3:07  Probe  
  36  3:12  Probe (Chrono Boost)  
  36  3:19  Probe (Chrono Boost)  
  36  3:25  Probe (Chrono Boost), Pylon  
  37  3:29  Probe (Chrono Boost)  
  37  3:31  Probe (Chrono Boost)  
  39  3:34  Probe (Chrono Boost)  
  39  3:36  Oracle  
  39  3:40  Probe (Chrono Boost)  
  44  3:45  Pylon  
  44  3:46  Probe (Chrono Boost)  
  47  3:56  Probe x2 (Chrono Boost)  
  47  4:01  Probe (Chrono Boost)  
  47  4:03  Probe  
  49  4:12  Probe  
  49  4:15  Nexus, Oracle  
  53  4:21  Pylon  
  53  4:24  Probe x2  
  53  4:30  Assimilator  
  55  4:32  Assimilator  
  55  4:37  Probe x2 (Chrono Boost)  
  55  4:38  Twilight Council  
  57  4:39  Adept  
  57  4:41  Forge  
  59  4:49  Probe x2 (Chrono Boost)  
  61  4:53  Pylon  
  61  4:54  Probe x2 (Chrono Boost)  
  63  5:02  Adept  
  63  5:03  Probe x2  
  67  5:08  Gateway  
  67  5:09  Blink (Chrono Boost)  
  67  5:10  Gateway  
  67  5:11  Sentry  
  69  5:15  Probe  
  69  5:16  Probe  
  69  5:17  Protoss Ground Weapons Level 1  
  71  5:28  Gateway  
  71  5:29  Gateway  
  71  5:31  Probe x2  
  71  5:32  Probe  
  74  5:46  Robotics Facility, Probe x3  
  74  5:48  Sentry  
  74  5:49  Stalker  
  79  5:58  Probe x3  
  79  6:04  Gateway x2  
  80  6:06  Pylon  
  80  6:09  Shield Battery, Sentry  
  80  6:10  Stalker  
  85  6:11  Probe x2  
  85  6:13  Probe  
  85  6:14  Assimilator  
  85  6:15  Pylon  
  87  6:19  Pylon  
  87  6:22  Sentry, Stalker  
  91  6:26  Probe x2  
  91  6:27  Probe  
  94  6:34  Warp Prism (Chrono Boost)  
  96  6:46  Stalker x6  
  108  6:50  Pylon  
  108  6:55  Assimilator  
  108  7:01  Observer (Chrono Boost), Stalker x2  
  108  7:04  Photon Cannon  
  108  7:07  Pylon  
  108  7:08  Pylon  
  113  7:18  Stalker x5  
  113  7:22  Pylon  
  123  7:28  Stalker x3  
  129  7:38  Photon Cannon  
  129  7:39  Photon Cannon  
Tags
 
Add a new tag
Caveats
  • Supply blocks, unpowered buildings, or Contaminate may cause inaccurate times.
  • Supply counts are checked every 10 seconds.